 Dungeon Crawl Stone Soup version 0.26.0-10-g1f06aea511 (webtiles) character file.

Game seed: 14112939730598015083

224052 Froggeryz the Peltast (level 19, -3/189 HPs)
             Began as a Gargoyle Hedge Wizard on Jan 14, 2021.
             Was a High Priest of Trog.
             Slain by a seven-headed hydra (16 damage)
             ... on level 3 of the Swamp.
             The game lasted 01:08:11 (45427 turns).

Froggeryz the Peltast (Gargoyle Hedge Wizard)      Turns: 45427, Time: 01:08:12

Health: -3/189     AC: 39    Str: 23    XL:     19   Next: 67%
Magic:  23/23      EV:  8    Int: 22    God:    Trog [*****.]
Gold:   3628       SH: 20    Dex:  9    Spells: 24/24 levels left

rFire    + . .     SeeInvis .   s - +2 eveningstar (flame)
rCold    + + .     Faith    .   N - +5 kite shield of Veebbeha {Will+}
rNeg     + . .     Spirit   .   w - +2 plate armour {Will+}
rPois    ∞         Reflect  .   u - +0 helmet of the Many Suns {rElec}
rElec    +         Harm     .   Q - scarf {rC+ rF+}
rCorr    .         Rampage  .   r - +1 pair of gloves {Str+3}
Will     +++..                  i - +0 pair of boots {run}
Stlth    ..........             (no amulet)
HPRegen  0.41/turn              c - ring "Etos" {rC+ Int+5}
MPRegen  0.18/turn              B - +4 ring of slaying

@: berserking (expiring), flying, studying Bows, very quick
A: big wings, negative energy resistance 1, electricity resistance, unbreathing,
petrification resistance, miasma immunity, AC +14
a: Stop Flying, Renounce Religion, Berserk, Trog's Hand, Brothers in Arms


You were on level 3 of the Swamp.
You worshipped Trog.
Trog was extremely pleased with you.
You visited 6 branches of the dungeon, and saw 31 of its levels.
You also visited: Gauntlet.

You collected 4223 gold pieces.
You spent 595 gold pieces at shops.

Inventory:

Hand Weapons
 a - a +4 demon whip
 s - a +2 eveningstar of flaming (weapon)
 z - the +1 morningstar of Twilight {vorpal, rElec rF+ MP+9}
   (You found it on level 4 of the Dungeon)

   It inflicts extra damage upon your enemies.
   It protects you from fire.
   It insulates you from electricity.
   It affects your magic capacity (+9).
Missiles
 d - 29 javelins
 C - 8 silver javelins
 T - 2 curare-tipped darts (quivered)
Armour
 i - a +0 pair of boots of running (worn)
 n - a +2 kite shield of resistance
 r - a +1 pair of gloves of strength (worn)
 u - the +0 helmet of the Many Suns (worn) {rElec}
   (You found it in a Gauntlet)

   It insulates you from electricity.
 w - a +2 plate armour of willpower (worn)
 N - the +5 kite shield of Veebbeha (worn) {Will+}
   (You took it off Donald on level 2 of the Elven Halls)

   It affects your willpower, your defense against some magical effects.
 Q - a scarf of resistance (worn)
Jewellery
 c - the ring "Etos" (left hand) {rC+ Int+5}
   (You took it off a minotaur in a Gauntlet)

   [ring of protection from cold]

   It affects your intelligence (+5).
   It protects you from cold.
 h - an uncursed ring of protection from cold
 m - an uncursed ring of protection from fire
 B - a +4 ring of slaying (right hand)
 U - an uncursed ring of protection from fire
 Z - the ring of the Princess {Will+ Stlth+}
   (You took it off a deep elf annihilator on level 3 of the Elven Halls)

   [ring of stealth]

   It affects your willpower, your defense against some magical effects.
   It makes you more stealthy.
Wands
 g - a wand of digging (10)
 A - a wand of paralysis (23)
 F - a wand of iceblast (26)
 J - a wand of flame (39)
 K - a wand of acid (5)
Scrolls
 f - 4 scrolls of immolation
 j - 9 scrolls of teleportation
 k - 4 scrolls of fog
 l - 4 scrolls of holy word
 o - 3 scrolls of fear
 y - 3 scrolls of magic mapping
 D - 4 scrolls of identify
 E - a scroll of summoning
 L - 7 scrolls of enchant armour
 P - 16 scrolls of remove curse
 V - 3 scrolls of brand weapon
 W - 6 scrolls of noise
 Y - a scroll of blinking
Potions
 b - 3 potions of berserk rage
 e - 4 potions of heal wounds
 p - 4 potions of might
 q - 2 potions of cancellation
 t - 14 potions of curing
 v - a potion of ambrosia
 X - 2 potions of haste
Books
 x - a manual of Bows
Miscellaneous
 G - a condenser vane
 I - a phantom mirror


   Skills:
 + Level 16.3 Fighting
 - Level 16.0 Maces & Flails
 + Level 6.2 Throwing
 - Level 15.0 Armour
 - Level 1.5 Dodging
 - Level 2.1 Stealth
 + Level 18.7 Shields
 - Level 3.0 Spellcasting
 - Level 1.1 Conjurations
 - Level 0.8 Summonings
 - Level 0.8 Translocations
 - Level 10.0 Evocations


You had 24 spell levels left.
You didn't know any spells.
Your spell library contained the following spells:

 Spells                   Type           Power        Failure   Level
 Magic Dart               Conj           32%          56%         1
 Blink                    Tloc           N/A          75%         2
 Call Imp                 Summ           7%           75%         2
 Slow                     Hex            3%           85%         2
 Conjure Flame            Conj/Fire      5%           95%         3
 Mephitic Cloud           Conj/Pois/Air  4%           95%         3


Dungeon Overview and Level Annotations

Branches:
Dungeon (15/15)            Temple (1/1) D:5            Lair (6/6) D:8
  Swamp (4/4) Lair:4       Spider (0/4) Lair:2        Slime (0/5) Lair:5
    Orc (2/2) D:12            Elf (3/3) Orc:2        Vaults (0/5) D:14
 Depths (0/5) D:15        Gauntlet (visited)

Altars:
Ashenzari
Cheibriados
Dithmenos
Elyvilon
Makhleb
Okawaru
Ru
Trog
Uskayaw
Vehumet
Xom
Yredelemnul
Zin
Beogh
Jiyva

Shops:
Orc:2 *}[[   Elf:3 :

Portals:
Abyss: D:11
Trove: Elf:3 (give +6 demon trident)

Annotations:
Lair:3 exclusion: oklob plant


Innate Abilities, Weirdness & Mutations

You are resistant to torment.
Your stone body is resilient. (AC +14)
You are immune to poison.
Your large and strong wings let you fly indefinitely.
You resist negative energy. (rN+)
You are resistant to electric shocks. (rElec)
You can survive without breathing.
You are immune to petrification.
You are immune to miasma.


Message History

Your plate armour prevents you from hitting the seven-headed hydra.
You are hit by a branch.
* * * LOW HITPOINT WARNING * * *
You crush the spriggan druid like a grape!!!
You burn the spriggan druid.
With its final breath, the spriggan druid offers up its power to the beasts of the wild!
The swamp dragon seems to grow more fierce.
The seven-headed hydra seems to grow more fierce.
You kill the spriggan druid!
Trog accepts your kill.
Trog appreciates your killing of a magic user.
You hear a splash. x2
The forest abruptly stops moving.
You block the seven-headed hydra's attack. x3
The seven-headed hydra bites you but does no damage.
You block the seven-headed hydra's attack.
The seven-headed hydra bites you!
* * * LOW HITPOINT WARNING * * *
The seven-headed hydra bites you!
You die...

..♣ ♣♣≈♣≈≈≈.≈≈....§≈.♣♣ ≈≈♣
♣...♣.≈.≈≈≈....≈≈.≈ .≈♣
♣..≈≈..≈.....≈≈≈≈≈. ♣♣♣♣♣♣♣
♣.≈≈≈..)†≈≈≈.≈≈≈≈≈. ♣♣♣♣§§♣♣
♣≈≈≈≈..≈.≈≈≈.≈≈≈≈.♣ ..♣♣...♣♣
♣≈≈≈≈.≈♣.≈≈≈.....♣♣ ....≈≈..♣
♣≈≈≈≈♣♣♣≈≈≈≈≈≈≈.♣♣ §≈≈.≈≈..♣♣
♣.D).♣ ♣..≈≈§§≈≈≈♣
≈≈≈≈≈≈≈≈≈♣♣♣♣♣♣≈@D♣♣♣♣...≈≈≈≈≈.♣
≈≈≈≈≈≈≈≈♣♣♣.≈≈.♣♣♣♣♣..)≈≈≈.≈≈.≈♣
.≈≈≈≈≈≈.♣♣≈.≈..♣ ♣♣≈≈≈≈≈......♣
♣≈...≈♣♣♣♣≈.≈.♣♣ ♣≈.≈≈≈≈....≈§♣
≈♣♣♣≈≈♣ ♣♣♣.≈♣ ♣♣♣.≈...≈♣♣♣♣♣
.♣♣♣♣♣♣ ♣♣♣♣ ♣♣§.≈§≈♣♣♣ ≈≈.♣
♣♣.≈≈.≈≈♣ ≈≈.♣ ♣♣≈≈...≈♣ ..♣♣
♣♣....♣§.♣


You could see a seven-headed hydra (strong) and a swamp dragon (strong).

Vanquished Creatures
  Jorgrun (D:15)
  2 deep elf blademasters (Elf:3)
  2 deep elf master archers (Elf:3)
  Kirke (D:14)
  Donald (Elf:2)
  4 deep elf sorcerers (Elf:3)
  2 orc warlords (Orc:2)
  4 deep elf elementalists (Elf:3)
  8 deep elf demonologists
  8 deep elf annihilators (Elf:3)
  5 bunyips
  A minotaur (Gauntlet)
  The ghost of xeno23 the Destroyer, a journeyman DrCj of Vehumet (D:11)
  5 deep elf death magi (Elf:3)
  2 eleionomae (Swamp:1)
  2 yaktaur captains
  A deep elf high priest (Elf:3)
  Harold (Orc:1)
  2 boulder beetles
  A ghost crab (Swamp:2)
  16 hydras
  A merfolk avatar (Lair:6)
  An anaconda (Lair:4)
  2 centaur warriors
  A death knight (D:15)
  5 two-headed ogres
  23 dancing weapons
  2 catoblepae
  6 alligators
  A queen ant (Lair:2)
  6 orc high priests
  2 ogre magi
  8 death yaks
  3 tengu warriors
  10 deep elf knights
  A fire crab (Lair:4)
  2 goliath frogs
  2 unseen horrors
  3 skeletal warriors
  3 spriggan druids
  A wizard (D:11)
  3 swamp dragons
  11 deep elf archers
  6 bog bodies
  2 harpies (Lair:6)
  5 orc knights
  A phantasmal warrior (D:15)
  6 orc sorcerers
  A necromancer (D:15)
  7 ugly things
  A wolf spider (Lair:2)
  4 manticores
  54 deep elf magi
  A salamander (shapeshifter) (D:12)
  A cyclops (D:15)
  A faun (shapeshifter) (Elf:2)
  A will-o-the-wisp (Swamp:1)
  A worldbinder (Gauntlet)
  6 black mambas
  A toenail golem (D:11)
  18 elephants
  2 torpor snails (Lair:4)
  An apocalypse crab (Gauntlet)
  A rust devil (D:11)
  3 gargoyles
  A naga mage (D:15)
  Maggie (D:9)
  20 cane toads
  2 efreet
  A rime drake (shapeshifter) (D:14)
  8 komodo dragons
  8 rime drakes
  A freezing wraith (D:15)
  3 kobold demonologists (D:13)
  A komodo dragon (shapeshifter) (D:14)
  3 tengu conjurers
  A polar bear (shapeshifter) (D:12)
  2 polar bears
  4 trolls
  3 tyrant leeches
  2 jumping spiders (Lair:2)
  4 hornets
  11 blink frogs
  The ghost of aloneDruid the Shield-Bearer, an amateur GrFi (D:4)
  3 air elementals
  4 shadows
  53 yaks
  A redback (Lair:2)
  4 basilisks
  2 spriggans (Swamp:4)
  A wraith (D:10)
  11 wyverns
  8 water elementals
  2 fire elementals
  A human (D:14)
  12 vampire mosquitoes
  A steam dragon (Lair:2)
  5 wargs
  Edmund (D:4)
  10 swamp worms
  An acid dragon (D:11)
  20 soldier ants
  19 water moccasins
  5 ice beasts
  A meliai simulacrum (D:15)
  A swamp drake (Swamp:1)
  5 sky beasts
  4 black bears
  2 necrophages
  40 orc warriors
  2 hornet zombies
  16 ogres
  6 phantoms
  A boggart (Gauntlet)
  13 wolves
  15 centaurs
  3 small abominations
  19 bullfrogs
  A gnoll sergeant (D:8)
  8 big kobolds
  2 earth elementals (Elf:1)
  A water moccasin skeleton (D:10)
  A scorpion (D:5)
  A troll zombie (D:12)
  15 wights
  23 killer bees
  9 howler monkeys
  8 electric eels
  4 bullfrog zombies
  7 centaur zombies
  3 jellies
  2 hounds
  A quasit (D:11)
  4 centaur skeletons
  36 orc priests
  2 bullfrog skeletons
  A gnoll shaman (D:5)
  7 orc wizards
  Crazy Yiuf (D:5)
  Jessica (D:2)
  2 iguanas
  25 worker ants
  A killer bee zombie (D:7)
  A statue (D:9)
  5 ogre zombies (D:12)
  A hound zombie (D:7)
  Robin (D:2)
  2 worker ant zombies
  16 adders
  5 gnolls (D:8)
  A howler monkey skeleton (D:11)
  2 shadow imps
  2 white imps
  An ufetubus (D:7)
  4 oozes
  An adder skeleton (D:8)
  7 worms
  2 dart slugs
  2 leopard geckos
  92 orcs
  6 bats
  6 giant cockroaches
  10 goblins
  10 hobgoblins
  6 jackals
  27 kobolds
  5 quokkas
  2 ball pythons (D:1)
  2 frilled lizards
  A goblin skeleton (D:12)
  A goblin zombie (D:12)
  2 hobgoblin skeletons (D:12)
  A hobgoblin zombie (D:12)
  A jackal skeleton (D:7)
  A leopard gecko skeleton (D:5)
  6 orc skeletons (D:12)
  8 orc zombies (D:12)
  A quokka zombie (D:5)
  4 rats
  A butterfly (Lair:6)
  A crawling corpse (Elf:3)
1073 creatures vanquished.

Vanquished Creatures (collateral kills)
  A deep elf blademaster (Elf:2)
  A two-headed ogre (D:14)
  3 dancing weapons (Elf:2)
  A boulder beetle (D:14)
  A deep elf knight (Elf:2)
  A deep elf mage (Elf:2)
  3 elephants (Lair:6)
  2 rime drakes (Lair:6)
  2 yaktaurs (D:14)
  2 komodo dragons (Lair:6)
  A wind drake (Lair:6)
  A polar bear (Lair:6)
  A troll (D:14)
  A water moccasin (Lair:6)
21 creatures vanquished.

Vanquished Creatures (others)
  An eleionoma (Swamp:1)
  A deep elf knight (Elf:2)
  A goliath frog (Swamp:2)
  An unseen horror (D:14)
  2 spriggans (Swamp:2)
  5 humans (D:14)
  An electric eel (D:15)
  An orc (D:15)
  2 bushes (Lair:4)
  19 demonic plants (Gauntlet)
  6 foxfires (Swamp:4)
  44 fungi
  A lurking horror (D:11)
  58 plants
143 creatures vanquished.

Grand Total: 1237 creatures vanquished

Notes
Turn   | Place    | Note
-------+----------+-------------------------------------------
     0 | D:1      | Froggeryz the Gargoyle Hedge Wizard began the quest for the
                  | Orb.
     0 | D:1      | Reached XP level 1. HP: 10/10 MP: 4/4
   190 | D:1      | Reached skill level 1 in Fighting
   190 | D:1      | Reached skill level 1 in Armour
   190 | D:1      | Reached XP level 2. HP: 16/16 MP: 6/6
   690 | D:1      | Reached skill level 1 in Maces & Flails
   992 | D:1      | Reached XP level 3. HP: 18/20 MP: 7/7
  1244 | D:2      | Noticed Jessica
  1288 | D:2      | Killed Jessica
  1289 | D:2      | Reached XP level 4. HP: 25/25 MP: 8/8
  1625 | D:2      | Reached XP level 5. HP: 28/29 MP: 9/9
  2139 | D:2      | Noticed Robin
  2167 | D:2      | Killed Robin
  2345 | D:2      | Found a faded altar of an unknown god.
  2403 | D:2      | Became a worshipper of Trog the Wrathful
  2403 | D:2      | Reached * piety under Trog
  2709 | D:3      | Found a broken altar of Ashenzari.
  2746 | D:3      | Found a glowing silver altar of Zin.
  2765 | D:3      | Reached skill level 5 in Maces & Flails
  3271 | D:4      | Got a bone morningstar
  3272 | D:4      | Identified the cursed +1 morningstar of Twilight {vorpal,
                  | rElec rF+ MP+9} (You found it on level 4 of the Dungeon)
  3361 | D:4      | Found a runed translucent gate.
  3362 | D:4      | Found a runed translucent gate.
  3362 | D:4      | Noticed aloneDruid's ghost (amateur GrFi)
  3363 | D:4      | Found a runed translucent gate.
  3363 | D:4      | Found a roughly hewn altar of Beogh.
  3397 | D:4      | Reached XP level 6. HP: 20/34 MP: 10/10
  3804 | D:4      | Noticed an ice beast
  3806 | D:4      | Reached XP level 7. HP: 22/38 MP: 11/11
  4175 | D:4      | Found a burning altar of Makhleb.
  4220 | D:4      | Noticed Edmund
  4221 | D:4      | Found a shadowy altar of Dithmenos.
  4228 | D:4      | Killed Edmund
  4502 | D:4      | Identified the +1 leather armour "Kahiteso" {rC+}
  4576 | D:4      | Killed aloneDruid's ghost
  4577 | D:4      | Reached XP level 8. HP: 43/43 MP: 12/12
  4579 | D:4      | Reached ** piety under Trog
  4842 | D:5      | Entered Level 5 of the Dungeon
  5287 | D:5      | Found a snail-covered altar of Cheibriados.
  5327 | D:5      | Found a staircase to the Ecumenical Temple.
  5350 | D:5      | Reached skill level 10 in Maces & Flails
  5382 | Temple   | Entered the Ecumenical Temple
  5857 | D:5      | Found a runed translucent door.
  5858 | D:5      | Noticed Crazy Yiuf
  6139 | D:5      | Killed Crazy Yiuf
  6265 | D:6      | Reached XP level 9. HP: 47/47 MP: 13/13
  6588 | D:6      | Reached *** piety under Trog
  7644 | D:8      | Reached XP level 10. HP: 49/53 MP: 14/14
  8061 | D:8      | Found a staircase to the Lair.
  8351 | D:8      | Reached **** piety under Trog
  8372 | D:8      | Reached skill level 5 in Fighting
  8372 | D:8      | Reached skill level 5 in Armour
  8793 | D:8      | Found a burning altar of Makhleb.
  8793 | D:8      | Noticed a balrug
  8796 | D:8      | Noticed an orange demon
  9063 | D:9      | Found a basalt altar of Yredelemnul.
  9125 | D:9      | Noticed Maggie
  9135 | D:9      | Killed Maggie
  9614 | D:9      | Found a faded altar of an unknown god.
  9614 | D:9      | Found a faded altar of an unknown god.
  9619 | D:9      | Found a shimmering altar of Xom.
  9621 | D:9      | Found an iron altar of Okawaru.
  9623 | D:9      | Found a hide-covered altar of Uskayaw.
  9848 | D:9      | Found a radiant altar of Vehumet.
 10417 | D:10     | Entered Level 10 of the Dungeon
 10459 | D:10     | Reached XP level 11. HP: 67/67 MP: 15/15
 11138 | D:10     | Noticed a catoblepas
 11140 | D:10     | Noticed a manticore
 11151 | D:10     | Killed a catoblepas
 11157 | D:10     | Killed a manticore
 12043 | D:11     | Noticed a red ugly thing
 12068 | D:11     | Killed a red ugly thing
 12085 | D:11     | Noticed a centaur warrior
 12088 | D:11     | Noticed a six-headed hydra
 12096 | D:11     | Killed a centaur warrior
 12271 | D:11     | Killed a six-headed hydra
 12272 | D:11     | Reached skill level 10 in Fighting
 12272 | D:11     | Reached skill level 10 in Armour
 12312 | D:11     | Reached XP level 12. HP: 26/77 MP: 16/16
 12877 | D:11     | Noticed an ice dragon
 13338 | D:11     | You fall into a shaft and drop 1 floor!
 13345 | D:12     | Found a staircase to the Orcish Mines.
 13353 | D:12     | Noticed a two-headed ogre
 13827 | D:11     | Found a transporter.
 13839 | D:11     | Found a one-way gate to the infinite horrors of the Abyss.
 13839 | D:11     | Noticed xeno23's ghost (journeyman DrCj)
 13860 | D:11     | Found a transporter.
 13988 | Lair:1   | Entered Level 1 of the Lair of Beasts
 14180 | Lair:1   | Reached ***** piety under Trog
 15291 | Lair:1   | Reached skill level 15 in Maces & Flails
 15440 | Lair:1   | Noticed a seven-headed hydra
 15448 | Lair:1   | Killed a seven-headed hydra
 16034 | Lair:2   | Noticed a queen ant
 16041 | Lair:2   | Killed a queen ant
 16090 | Lair:2   | Noticed an eight-headed hydra
 16101 | Lair:2   | Killed an eight-headed hydra
 16102 | Lair:2   | Reached XP level 13. HP: 79/82 MP: 17/17
 16165 | Lair:2   | Reached skill level 1 in Shields
 16303 | Lair:2   | Reached skill level 2 in Shields
 16602 | Lair:2   | Reached skill level 3 in Shields
 16871 | Lair:2   | Reached skill level 4 in Shields
 17013 | Lair:2   | Found a hole to the Spider Nest.
 17490 | Lair:2   | Received a gift from Trog
 17724 | Lair:3   | Reached skill level 5 in Shields
 18014 | Lair:3   | Got a smoking ring mail
 18025 | Lair:3   | Identified the +4 ring mail of Amelioration {rElec rC+
                  | Dex+3} (You found it on level 3 of the Lair of Beasts)
 18113 | Lair:3   | Reached skill level 6 in Shields
 19108 | Lair:3   | Reached skill level 7 in Shields
 19377 | Lair:4   | Found a staircase to the Swamp.
 20026 | Lair:4   | Reached skill level 8 in Shields
 20032 | Lair:4   | Gained mutation: Your large and strong wings let you fly
                  | indefinitely. [Gargoyle growth]
 20032 | Lair:4   | Reached XP level 14. HP: 72/90 MP: 18/18
 20583 | Lair:4   | Reached skill level 9 in Shields
 20882 | Lair:4   | Identified 2 scrolls of acquirement
 20882 | Lair:4   | Acquired a +2 kite shield of resistance
 20924 | Lair:4   | Acquired 844 gold pieces
 21606 | Lair:5   | Found a staircase to the Slime Pits.
 21606 | Lair:5   | Found a viscous altar of Jiyva.
 21647 | Lair:4   | Reached skill level 10 in Shields
 21852 | Lair:5   | Reached ****** piety under Trog
 23191 | Lair:6   | Entered Level 6 of the Lair of Beasts
 23191 | Lair:6   | Found a broken altar of Ashenzari.
 23257 | Lair:6   | Reached skill level 11 in Shields
 23319 | Lair:6   | Found a gate leading to a gauntlet.
 23328 | Gauntlet | Entered a Gauntlet
 23328 | Gauntlet | Found a transporter.
 23328 | Gauntlet | Found a runed translucent door.
 23328 | Gauntlet | Found a transporter.
 23328 | Gauntlet | Found a runed translucent door.
 23511 | Gauntlet | Found a transporter.
 23514 | Gauntlet | Found a transporter.
 23521 | Gauntlet | Found a runed translucent door.
 23524 | Gauntlet | Found a transporter.
 23525 | Gauntlet | Found a transporter.
 23533 | Gauntlet | Found a transporter.
 23548 | Gauntlet | Found a transporter.
 23569 | Gauntlet | Found a transporter.
 23571 | Gauntlet | Found a transporter.
 23586 | Gauntlet | Found a transporter.
 23589 | Gauntlet | Found a transporter.
 23648 | Gauntlet | Identified a +0 pair of boots of running (You found it in a
                  | Gauntlet)
 23756 | Gauntlet | Got a bloodstained helmet
 23767 | Gauntlet | Identified the cursed +0 helmet of the Many Suns {rElec}
                  | (You found it in a Gauntlet)
 23832 | Gauntlet | Identified the cursed +1 plate armour "Lebeip" {*Contam
                  | Harm rN++}
 23832 | Gauntlet | Identified the ring "Etos" {rC+ Int+5}
 23948 | Lair:6   | Reached XP level 15. HP: 54/97 MP: 19/19
 24129 | Lair:6   | Reached skill level 13 in Shields
 24129 | Lair:6   | Reached XP level 16. HP: 103/103 MP: 20/20
 25370 | D:12     | Received a gift from Trog
 25942 | D:12     | Reached skill level 14 in Shields
 26127 | D:12     | Found the +4 moon troll leather armour {Spirit, Regen++
                  | MP+5}
 26256 | D:12     | Received a gift from Trog
 26487 | Orc:1    | Entered Level 1 of the Orcish Mines
 26487 | Orc:1    | Noticed Harold
 26745 | Orc:1    | Killed Harold
 26910 | Orc:1    | Found a roughly hewn altar of Beogh.
 27059 | Orc:2    | Entered Level 2 of the Orcish Mines
 27820 | Orc:2    | Found a roughly hewn altar of Beogh.
 27980 | Orc:2    | Reached skill level 15 in Shields
 28041 | Orc:2    | Found Quetin's Armour Emporium.
 28069 | Orc:2    | Found Wenwem's Antique Armour Shoppe.
 28108 | Orc:2    | Bought a pair of embroidered gloves for 195 gold pieces
 28438 | Orc:2    | Received a gift from Trog
 28578 | Orc:2    | Found a staircase to the Elven Halls.
 28936 | Orc:2    | Found Ikehupon's General Store.
 29074 | Orc:2    | Found Kett's Gadget Shop.
 29104 | Orc:2    | Bought a condenser vane for 400 gold pieces
 29161 | Orc:2    | Found a roughly hewn altar of Beogh.
 29219 | Orc:2    | Reached skill level 16 in Shields
 29974 | D:13     | Reached XP level 17. HP: 109/109 MP: 21/21
 30656 | D:14     | Received a gift from Trog
 30675 | D:14     | Reached skill level 1 in Evocations
 30727 | D:14     | Found a gate to the Vaults.
 30729 | D:14     | Noticed Kirke
 30748 | D:14     | Noticed a sphinx
 30763 | D:14     | Noticed a sphinx
 30763 | D:14     | Killed Kirke
 31223 | D:15     | Entered Level 15 of the Dungeon
 31733 | D:15     | Noticed Jorgrun
 31748 | D:15     | Killed Jorgrun
 31749 | D:15     | Reached skill level 5 in Evocations
 32414 | D:15     | Found a staircase to the Depths.
 32808 | D:11     | Killed xeno23's ghost
 33068 | Elf:1    | Entered Level 1 of the Elven Halls
 33446 | Elf:1    | Received a gift from Trog
 33910 | Elf:3    | Entered Level 3 of the Elven Halls
 33931 | Elf:3    | Found a portal to a secret trove of treasure.
 35100 | Elf:1    | Reached skill level 10 in Evocations
 36334 | Elf:2    | Reached XP level 18. HP: 104/116 MP: 22/22
 36900 | Elf:2    | Received a gift from Trog
 37078 | Elf:2    | Found a huge runed translucent gate.
 37078 | Elf:2    | Found a huge runed translucent gate.
 37078 | Elf:2    | Found a huge runed translucent gate.
 37078 | Elf:2    | Found a huge runed translucent gate.
 37078 | Elf:2    | Found a huge runed translucent gate.
 37391 | Elf:2    | Reached skill level 17 in Shields
 37443 | Elf:2    | Noticed a deep elf blademaster
 37521 | Elf:2    | Killed a deep elf blademaster
 37968 | Elf:2    | Identified the +5 kite shield of Veebbeha {Will+}
 37968 | Elf:2    | Noticed Donald
 37994 | Elf:2    | Killed Donald
 38442 | Elf:3    | Found Boriec's Book Shop.
 38781 | Elf:3    | Received a gift from Trog
 39775 | Elf:3    | Reached skill level 15 in Armour
 39815 | Elf:3    | Reached skill level 15 in Fighting
 39830 | Elf:3    | Noticed a Brimstone Fiend
 40172 | Elf:3    | Reached skill level 1 in Throwing
 40674 | Elf:3    | Identified the +5 rapier of Taifi {drain, Int+5 Dex+2
                  | Stlth+}
 40674 | Elf:3    | Noticed a deep elf master archer
 40717 | Elf:3    | Killed a deep elf master archer
 40844 | Elf:3    | Noticed a deep elf blademaster
 40881 | Elf:3    | Killed a deep elf blademaster
 41009 | Elf:3    | Noticed a deep elf master archer
 41040 | Elf:3    | Killed a deep elf master archer
 41283 | Elf:3    | Identified the cursed +1 executioner's axe "Tiohij" {flame,
                  | +Rage +Inv Will++ Str-5}
 41348 | Elf:3    | Reached skill level 18 in Shields
 41348 | Elf:3    | Reached XP level 19. HP: 95/117 MP: 23/23
 41429 | Elf:3    | Identified the +9 great sword "Alluipao" {vorpal, +Blink
                  | Will- MP+9 Str-3}
 41657 | Elf:3    | Identified the ring of the Princess {Will+ Stlth+}
 41660 | Elf:3    | Received a gift from Trog
 41672 | Elf:3    | Identified the +11 great sword of the People {spect, rElec
                  | Stlth+}
 41672 | Elf:3    | Identified the +11 great sword of the People {spect, rElec
                  | Stlth+}
 41876 | Elf:3    | Acquired a +0 eveningstar of flaming
 42327 | Swamp:1  | Entered Level 1 of the Swamp
 42489 | Swamp:1  | Found a sacrificial altar of Ru.
 42722 | Swamp:1  | Reached skill level 5 in Throwing
 44829 | Swamp:3  | Identified the +6 dire flail of Dissatisfaction {drain,
                  | Stlth+} (You found it on level 3 of the Swamp)
 44849 | Swamp:3  | Found a white marble altar of Elyvilon.
 45204 | Swamp:3  | Received a gift from Trog
 45403 | Swamp:4  | Entered Level 4 of the Swamp
 45427 | Swamp:3  | Slain by a seven-headed hydra

Illustrated notes

Levels and vault maps discovered:
D:1:      minmay_arrival_three_doors, layout_basic, minmay_quantized
D:2:      layout_loops_ring, chequers_ecumenical_altar_simple, uniq_robin,
          uniq_jessica
D:3:      layout_rooms, lemuel_crystal_altar, ashenzari_conservatory_becter
D:4:      minmay_diamond_boxcup, layout_layer_cave, overflow_temple_1_default,
          old_standard_altar, biasface_ghost_orc_armoury, uniq_edmund
D:5:      kennysheep_six_static_rooms, layout_basic, lemuel_crystal_altar,
          minmay_temple_entry_junction, serial_aquarium, aquarium_bridge_square
          [aquarium_subvault_bridge, aquarium_subvault_wall,
          aquarium_subvault_window, aquarium_subvault_wall], aquarium_window_1,
          aquarium_window_fake, aquarium_window_2, aquarium_window_1,
          aquarium_view_2g, aquarium_view_4, uniq_crazy_yiuf_cottage
D:6:      layout_rooms
D:7:      layout_basic
D:8:      layout_basic, lair_entry_dummy, makhleb_altar_promises_db
D:9:      cheibrodos_helix_gallery, layout_basic, yredelemnul_altar_generic,
          vehumet_statue, chequers_temple_overflow_minitemple, serial_glass,
          glass_columns_a, glass_columns_a, hangedman_decor_diamond_cutter,
          uniq_maggie
D:10:     nzn_motion_control, layout_loops_ring, hangedman_corner_corridor
D:11:     layout_loops_ring, gammafunk_ghost_abyssal_escape, serial_glass,
          glass_columns_a, glass_columns_a, glass_columns_a, glass_columns_a,
          portal_ice_cave_entry_animals_and_master
D:12:     kennysheep_green_arena, layout_basic, zombieorc1_lemuel,
          minmay_quadrilaterals
D:13:     layout_cave_pools
D:14:     layout_loops_ring, david_vaults_2, hangedman_abyss_or_decor_clamps,
          uniq_kirke
D:15:     grunt_enter_depths_magical_seal, layout_long_grid,
          serial_bayou_lagoon_b, uniq_jorgrun
Temple:   minmay_temple_forest_path
Lair:1:   layout_layer_cave, serial_rivers, chequers_serial_rivers_small_b,
          chequers_serial_rivers_room_a, chequers_serial_rivers_small_a,
          chequers_serial_rivers_small_3, chequers_serial_rivers_micro_d,
          chequers_serial_rivers_micro_e
Lair:2:   layout_cave_pods, spider_nest_entry_funnel_web,
          chequers_serial_rivers_large_a, minmay_holes, minivault_29
Lair:3:   layout_roguey, st_stairs_5
Lair:4:   nzn_winding_woodlands_large [nzn_winding_woodlands_5x5_default,
          nzn_winding_woodlands_5x15_pockets, nzn_winding_woodlands_5x5_cross,
          nzn_winding_woodlands_center_lodge,
          nzn_winding_woodlands_15x15_thick_spiral,
          nzn_winding_woodlands_center_triple_pond,
          nzn_winding_woodlands_5x5_checkerboard,
          nzn_winding_woodlands_5x15_river_crossing,
          nzn_winding_woodlands_5x5_open_star], layout_small_grid,
          swamp_mist_pool, chequers_serial_rivers_room_b
Lair:5:   layout_cave_pods, slime_altar_1, infiniplex_staircase_pool
Lair:6:   gammafunk_lair_ancient_temple, layout_misc_corridors,
          gauntlet_entry_generic, basic_altar, lemuel_fruit_fields
Swamp:1:  layout_falls_marsh, lemuel_altar_in_water
Swamp:2:  layout_basic_swamp, hangedman_swamp_cone
Swamp:3:  layout_basic_swamp, nicolae_swamp_godswood
Swamp:4:  byrel_swamp_growth_death_and_undeath, layout_basic_swamp,
          gammafunk_ghost_necromancy, infiniplex_staircase_pool_2
Orc:1:    layout_caves, kennysheep_orc_chapel, uniq_harold
Orc:2:    pubby_orc_utopia
Elf:1:    layout_geoelf_octagon, minmay_elf_sorcery, chequers_big_river,
          st_stairs_1, minmay_misc_feat_rows
Elf:2:    layout_rooms, uniq_donald
Elf:3:    elf_hall, layout_geoelf_grid, serial_shops, nicolae_shop_trees,
          nicolae_trove_entry_crossroad, grunt_ministairs_14

Skill      XL: |  1  2  3  4  5  6  7  8  9 10 11 12 13 14 15 16 17 18 19 |
---------------+----------------------------------------------------------+-----
Fighting       | 1 7 10 11 12 13 15 16 | 16.3
Armour         | 1 7 10 11 12 13 15 | 15.0
Maces & Flails | 1 2 4 5 6 8 10 13 16 | 16.0
Shields        | 8 11 13 16 18 | 18.7
Evocations     | 10 | 10.0
Throwing       | 3 6 |  6.2
Dodging        | |  1.5
Stealth        | |  2.1
Spellcasting   | |  3.0
Conjurations   | |  1.1
Summonings     | |  0.8
Translocations | |  0.8

Action                   |  1- 3 |  4- 6 |  7- 9 | 10-12 | 13-15 | 16-18 | 19-21 || total
-------------------------+-------+-------+-------+-------+-------+-------+-------++-------
Melee: Dagger            |    94 |   296 |       |       |       |       |       ||   390
       Whip              |       |    25 |   379 |   438 |       |       |       ||   842
       Morningstar       |       |       |    11 |   351 |   895 |  2593 |    96 ||  3946
       Demon whip        |       |       |       |       |       |    12 |       ||    12
       Eveningstar       |       |       |       |       |       |       |   268 ||   268
Throw: Javelin           |       |       |     1 |       |       |     4 |       ||     5
       Dart              |       |       |       |     3 |       |     5 |     1 ||     9
Invok: Berserk           |       |     2 |     5 |    10 |    10 |    11 |     3 ||    41
       Trog's Hand       |       |       |       |     2 |     3 |     8 |     2 ||    15
       Brothers in Arms  |       |       |       |       |     1 |     2 |       ||     3
 Abil: Fly               |       |       |       |       |       |     1 |       ||     1
Evoke: Wand              |       |       |       |     7 |       |     1 |    12 ||    20
       Condenser vane    |       |       |       |       |       |       |     1 ||     1
  Use: Scroll            |       |    11 |     1 |     8 |    16 |     7 |     6 ||    49
       Potion            |       |       |       |     7 |     1 |     2 |       ||    10
 Stab: Sleeping          |     2 |     3 |     4 |     3 |       |       |       ||    12
       Distracted        |       |       |       |       |       |     1 |       ||     1
Armor: Robe              |     3 |       |       |       |       |       |       ||     3
       Ring mail         |    32 |   134 |    16 |       |   186 |       |       ||   368
       Leather armour    |     3 |       |   129 |   399 |    41 |       |       ||   572
       Scale mail        |       |       |       |       |   131 |       |       ||   131
       Plate armour      |       |       |       |       |   242 |  1240 |   282 ||  1764
Dodge: Dodged            |    40 |   153 |   167 |   443 |   387 |   475 |    91 ||  1756
Block: Kite shield       |       |       |       |       |   252 |  1868 |   374 ||  2494
